 Dungeon Crawl Stone Soup version 0.30.0-13-g156ef70053 (webtiles) character file.

Game seed: 6283594901156741432

84 ProzacElf the Slasher (level 4, -9/33 HPs)
             Began as a Demonspawn Gladiator on May 18, 2023.
             Mangled by Crazy Yiuf
             ... wielding a +2 quarterstaff of chaos
              (14 damage)
             ... on level 2 of the Dungeon.
             The game lasted 00:03:09 (1449 turns).

ProzacElf the Slasher (Demonspawn Gladiator)        Turns: 1449, Time: 00:03:09

Health: -9/33      AC:  3    Str: 19    XL:     4   Next: 24%
Magic:  4/4        EV: 12    Int: 10    God:
Gold:   125        SH:  0    Dex:  9    Spells: 3/3 levels left

rFire   . . .        b - +12 sling of Sulphur {freeze, rC++ Str+3 Dex-5}
rCold   + + .        (no shield)
rNeg    . . .        h - +0 leather armour
rPois   .            (helmet restricted)
rElec   .            (no cloak)
rCorr   .            (no gloves)
SInv    .            (no boots)
Will    .....        (no amulet)
Stlth   ++           (no ring)
HPRegen 0.25/turn    (no ring)
MPRegen 0.09/turn

%: no passive effects
@: no status effects
A: antennae 2, hooves 1
a: no special abilities


You were on level 2 of the Dungeon.
You visited 1 branch of the dungeon, and saw 2 of its levels.

You collected 125 gold pieces.

Inventory:

Hand Weapons
 a - a +0 long sword
 b - the +12 sling of Sulphur (weapon) {freeze, rC++ Str+3 Dex-5}
   (You found it on level 2 of the Dungeon)

   Str:       It affects your strength (+3).
   Dex:       It affects your dexterity (-5).
   rC:        It greatly protects you from cold.
 o - a +1 hand axe of draining
Missiles
 d - 3 throwing nets
 e - a javelin
 n - 2 poisoned darts
Armour
 c - a +0 helmet
 h - a +0 leather armour (worn)
Wands
 m - a wand of roots (9)
Scrolls
 f - 2 scrolls of identify {unknown}
 g - a scroll of magic mapping {unknown}
 k - a scroll of noise {unknown}
 l - 2 scrolls of teleportation {unknown}
 p - a scroll of vulnerability {unknown}
Potions
 i - a potion of brilliance {unknown}
 j - a potion of curing {unknown}
 q - a potion of cancellation {unknown}


   Skills:
 - Level 2.0 Fighting
 + Level 3.7 Long Blades
 - Level 2.0 Throwing
 - Level 2.6 Dodging
 + Level 2.5 Stealth


You had 3 spell levels left.
You didn't know any spells.
Your spell library contained the following spells:

 Spells                   Type           Power      Damage    Failure   Level
 Apportation              Tloc           0%         N/A       41%         1
 Necrotise                Necr           0%         1d4       41%         1
 Sandblast                Erth           0%         2d4       41%         1
 Summon Small Mammal      Summ           0%         N/A       41%         1
 Passwall                 Tmut/Erth      0%         N/A       56%         2
 Poisonous Vapours        Pois/Air       0%         N/A       56%         2
 Mephitic Cloud           Conj/Pois/Air  0%         N/A       80%         3
 Stone Arrow              Conj/Erth      0%         3d7       80%         3
 Freezing Cloud           Conj/Ice/Air   0%         6-21      100%        5


Dungeon Overview and Level Annotations

Branches:
Dungeon (2/15)

Altars:
Dithmenos

Annotations:
D:2 Crazy Yiuf


Innate Abilities, Weirdness & Mutations

You have a pair of antennae on your head.
You have large cloven feet.


Message History

Thin's tha be 'ere: a +0 club; a goblin corpse Ye sense a monster nearby.
A goblin an' an adder come inta view.
Found a stone staircase leadin' down.
Ye shoot a slin' bullet.
Tha slin' bullet hits tha adder!
Tha adder seems ta slow down.
Tha slin' bullet freezes tha adder.
Ye kill tha adder!
Ye shoot a slin' bullet.
Tha slin' bullet hits tha goblin!
Tha slin' bullet freezes tha goblin.
Ye kill tha goblin!
Nay target in view!
Nay target in view!
Nay target in view!
Nay target in view!
An endoplasm comes inta view.
Ye shoot a slin' bullet.
Tha slin' bullet hits tha endoplasm.
Tha slin' bullet freezes tha endoplasm.
Ye kill tha endoplasm!
Nay target in view!
Nay target in view!
Thar be a fountain o' clear blue water 'ere.
Thar be a fountain o' clear blue water 'ere.
Ye now haf 94 gold pieces (gain'd 8).
Ye now haf 110 gold pieces (gain'd 16).
Ye now haf 125 gold pieces (gain'd 15).
Thar be a dry fountain 'ere.
Ye op'n tha door.
Ye shoot a slin' bullet.
Crazy Yiuf shouts!
Tha slin' bullet hits Crazy Yiuf!
Tha slin' bullet freezes Crazy Yiuf.
Crazy Yiuf be severely wounded.
Ye shoot a slin' bullet.
Tha slin' bullet completely misses Crazy Yiuf.
Crazy Yiuf hits ye wit' a +2 quarterstaff o' chaos!
Ye convulse!
* * * LOW HITPOINT WARNIN'
* * * Crazy Yiuf whimpers, "Rot sizzlefizz ladder!"
Crazy Yiuf hits ye wit' a +2 quarterstaff o' chaos!
Ye die...

#....####.##.......
#....# #.....##..#.
♣....♣ ##..........
♣♣...♣ ####..##...
♣♣.♣♣ ##.##.#. ♣♣.♣
#....## ♣.♣♣
###..## ♣♣.♣ #...#.
♣@♣♣ #..... #g#
#...## ... ##...##
#...# ##..#.#.
#)..# #..##.#.
##### #.#⌠...⌠
#####.#.....
#####.....#⌠._..
#........##.....


You could see Crazy Yiuf.

Vanquished Creatures
  Jessica (D:2)
  An adder (D:2)
  A dart slug (D:1)
  3 ball pythons (D:1)
  10 endoplasms
  2 giant cockroaches (D:1)
  5 goblins
  5 hobgoblins
  3 kobolds
  2 quokkas (D:1)
  6 frilled lizards
  3 rats
42 creatures vanquished.

Notes
Turn   | Place    | Note
-------+----------+-------------------------------------------
     0 | D:1      | ProzacElf the Demonspawn Gladiator began the quest for the
                  | Orb.
     0 | D:1      | Reached XP level 1. HP: 16/16 MP: 1/1
   138 | D:1      | Discovered your monstrous ancestry.
   138 | D:1      | Gained mutation: You have a pair of small antennae on your
                  | head. [demonic ancestry]
   138 | D:1      | Reached XP level 2. HP: 22/22 MP: 2/2
   202 | D:1      | Reached skill level 3 in Long Blades
   202 | D:1      | Reached skill level 1 in Stealth
   622 | D:1      | Gained mutation: You have a pair of antennae on your head.
                  | [demonic ancestry]
   622 | D:1      | Reached XP level 3. HP: 17/27 MP: 3/3
   868 | D:2      | Noticed Jessica
   871 | D:2      | Found a faded altar of an unknown god.
   873 | D:2      | Killed Jessica
  1049 | D:2      | Identified the +12 sling of Sulphur {freeze, rC++ Str+3
                  | Dex-5}
  1134 | D:2      | Gained mutation: You have large cloven feet. [demonic
                  | ancestry]
  1134 | D:2      | Reached XP level 4. HP: 33/33 MP: 4/4
  1223 | D:2      | Found a runed translucent door.
  1224 | D:2      | Noticed Crazy Yiuf
  1323 | D:2      | Found a shadowy altar of Dithmenos.
  1449 | D:2      | Mangled by Crazy Yiuf

Illustrated notes

Levels and vault maps discovered:
D:1:      spicycebolla_arrival_xxxplode, layout_loops_ring,
          nicolae_figureground_pulse
D:2:      layout_rooms, hellmonk_ecumenical_altar_run_dry, basic_altar,
          minmay_statues_item, reono_crystal_passage, grunt_ministairs_9,
          kennysheep_doodads, uniq_crazy_yiuf_cottage, uniq_jessica

Skill      XL: |  1  2  3 |
---------------+----------+-----
Throwing       | 2 |  2.0
Long Blades    | 3 |  3.7
Stealth        | 1 2 |  2.5
Fighting       | |  2.0
Dodging        | |  2.6

Action                     |  1- 3 |  4- 6 || total
---------------------------+-------+-------++-------
  Melee: Long sword        |    11 |       ||    11
         Hand axe          |    55 |       ||    55
   Fire: Sling             |     2 |    10 ||    12
   Stab: Sleeping          |     5 |       ||     5
 Armour: Leather armour    |     8 |       ||     8
  Dodge: Dodged            |    38 |       ||    38

Action                     |  1- 3 |  4- 6 || total
---------------------------+-------+-------++-------
  Melee: Long sword        |    11 |       ||    11
         Hand axe          |    55 |       ||    55
   Fire: Sling             |     2 |    10 ||    12
   Stab: Sleeping          |     5 |       ||     5
 Armour: Leather armour    |     8 |       ||     8
  Dodge: Dodged            |    38 |       ||    38

Levels and vault maps discovered:
D:1:      spicycebolla_arrival_xxxplode, layout_loops_ring,
          nicolae_figureground_pulse
D:2:      layout_rooms, hellmonk_ecumenical_altar_run_dry, basic_altar,
          minmay_statues_item, reono_crystal_passage, grunt_ministairs_9,
          kennysheep_doodads, uniq_crazy_yiuf_cottage, uniq_jessica
